AoeStats
← ZzZz7z

Arabia

510465609Analyzed
1v1 RM · 2d ago on Oct 1, 2026· 23m 36s· 2 players
Game mode
Random Map
Map size
Tiny (2 player)
Population
200
Speed
Normal
Resources
Standard
Victory
Conquest
Starting age
Dark Age
Ending age
Imperial Age
RankedLock teamsTeams togetherTeam positionsShared explorationLock speedFull tech treeHidden civsTurbo modeCheats
Victory
Defeat
🇺🇸 Japanese · United States
1248
+15
🇦🇷 Poles · Argentina
1227
-15
ZzZz7z
7:51 Loom
10:57 Feudal Age
[GDL] Ethernal
6:42 Loom
9:34 Feudal Age
9:49 Man-at-Arms
11:36 Double-Bit Axe
15:07 Fletching
17:00 Padded Archer Armor
18:59 Wheelbarrow
20:19 Horse Collar
23:07 Castle Age
23:11 Crossbowman
24:09 Bow Saw
24:01 Heavy Plow
Connection lost

Rejoining the realm…

Still unreachable

The connection could not be restored.

Session expired

The server has moved on; the page needs a fresh start.